 Dungeon Crawl Stone Soup version 0.29-a0-925-g0a7a3d12f8 (webtiles) character file.

Game seed: 12656924732365915588

16 zeratav the Stinger (level 2, 0/17 HPs)
             Began as an Octopode Venom Mage on July 30, 2022.
             Succumbed to an adder's poison
             ... on level 2 of the Dungeon.
             The game lasted 00:01:25 (1468 turns).

zeratav the Stinger (Octopode Venom Mage)           Turns: 1468, Time: 00:01:25

Health: 0/17       AC:  1    Str:  7    XL:     2   Next: 58%
Magic:  2/5        EV: 13    Int: 17    God:
Gold:   79         SH:  0    Dex: 12    Spells: 4/5 levels left

rFire   . . .      SeeInvis .   c - +0 spear {polearm}
rCold   . . .      Faith    .   (no shield)
rNeg    . . .      Spirit   .   (helmet restricted)
rPois   .          Reflect  .   (no amulet)
rElec   .          Harm     .   (no ring)
rCorr   .          Rampage  .   (no ring)
Will    .....                   (no ring)
Stlth   +++.......              (no ring)
HPRegen 0.05/turn               (no ring)
MPRegen 0.09/turn               (no ring)
                                (no ring)
                                (no ring)

@: lethally poisoned (0 -> -7)
A: almost no armour, amphibious, 8 rings, camouflage 1, gelatinous body 1,
(nimble swimmer 1), tentacles
a: no special abilities


You were on level 2 of the Dungeon.
You visited 1 branch of the dungeon, and saw 2 of its levels.

You collected 79 gold pieces.


Innate Abilities, Weirdness & Mutations

You cannot wear most types of armour.
You are amphibious.
You can wear up to eight rings at the same time.
Your skin changes colour to match your surroundings (Stealth+).
Your rubbery body absorbs attacks. (AC +1, EV +1)
((You are camouflaged when in or above water. (Stealth+)))
You have tentacles for arms and can constrict up to eight enemies at once.


   Skills:
 - Level 2.0 Dodging
 + Level 3.6 Stealth
 - Level 2.0 Spellcasting
 - Level 1.0 Transmutations
 + Level 4.2 Poison Magic


You had 4 spell levels left.
You knew the following spells:

 Your Spells              Type           Power      Damage    Failure   Level
a - Sting                 Tmut/Pois      40%        1d5       7%          1

Your spell library contained the following spells:

 Spells                   Type           Power      Damage    Failure   Level
 Poisonous Vapours        Pois/Air       16%        N/A       12%         2
 Mephitic Cloud           Conj/Pois/Air  6%         N/A       32%         3
 Olgreb's Toxic Radiance  Pois           16%        N/A       34%         4

Inventory:

Hand Weapons
 c - a +0 spear (weapon) {polearm}
   (You found it on level 1 of the Dungeon)
Scrolls
 b - a scroll of butterflies {unknown}
 d - a scroll of teleportation {unknown}
 f - 2 scrolls of identify {unknown}
Potions
 a - 2 potions of magic
 e - a potion of mutation {unknown}

Dungeon Overview and Level Annotations

Branches:
Dungeon (2/15) Zot: 10529

Altars:

.P. #..# .P.#.P#
.P#..## P#...#
#PP..# #....#
##P...# #..P@.# #
...#.....# #.
#........# #.##
#######.##
#...#######...###
#.........###..
#...####### #.#
......#.......#
#.#
.###........###
#.#


There were no monsters in sight!


Message History

There is an open door here.
You see here a rat skeleton.
You see here a bat skeleton.
There is a stone staircase leading down here.
Done exploring.
Done exploring.
(D) Dungeon
Where to? (? - help)
There is a stone staircase leading down here.
You climb downwards.
There is a stone staircase leading up here.
You now have 79 gold pieces (gained 10).
a - 2 potions of magic (gained 1)
An endoplasm comes into view.
An endoplasm is nearby!
Found an escape hatch in the ceiling.
A bat comes into view.
You reach to attack!
The helpless endoplasm fails to defend itself.
You hit the endoplasm. You hit the endoplasm. You squeeze the endoplasm.
You kill the endoplasm!
The bat hits you but does no damage.
You hit the bat. You grab the bat. You squeeze the bat.
You kill the bat!
No target in view!
No target in view!
No target in view!
No target in view!
No target in view!
No target in view!
No target in view!
No target in view!
No target in view!
No target in view!
No target in view!
No target in view!
No target in view!
No target in view!
No target in view!
You see here 6 stones {throwing}.
Found a stone staircase leading down.
An adder comes into view.
An adder is nearby!
The adder hisses angrily.
A nearby plant withers and dies.
The adder bites you.
You see here a sapphire potion.
HP[-3]
You take 3 damage, and now have 14/17 hp.
You closely miss the adder. You grab the adder. Your squeeze misses the adder.
You constrict the adder. The adder closely misses you.
You hit the adder but do no damage. You constrict the adder.
The adder bites you.
You are poisoned.
The adder poisons you! The adder barely misses you.
HP[-3]
You take 3 damage, and now have 11/17 hp.
You hit the adder.
You squeeze the adder, but do no damage.
You constrict the adder.
You feel sick. The adder bites you.
* * * LOW HITPOINT WARNING * * *
HP[-5]
You take 5 damage, and now have 6/17 hp.
MASSIVE DAMAGE!! (PAUSE)
You are too injured to fight recklessly!
Casting: Sting (safe; 7% risk of failure)
Confirm with . or Enter, or press ? or * to list all spells.
Aiming: Sting (safe; 7% risk of failure)
Press: ? - help, Shift-Dir - straight line, f - adder
Aim: an adder (moderately wounded, constricted by you, 90% to hit)
The sting hits the adder.
The adder is poisoned.
You constrict the adder.
* * * LOW HITPOINT WARNING * * *
You feel sick. The adder barely misses you.
HP[-1] MP[-1]
You take 1 damage, and now have 5/17 hp.
You lost 1 mp, and now have 4/5 mp.
Casting: Sting (safe; 7% risk of failure)
Confirm with . or Enter, or press ? or * to list all spells.
Aiming: Sting (safe; 7% risk of failure)
Press: ? - help, Shift-Dir - straight line, f/p - adder
Aim: an adder (severely wounded, constricted by you, poisoned, 90% to hit)
The sting hits the adder.
The adder looks even sicker.
You constrict the adder.
* * * LOW HITPOINT WARNING * * *
You feel sick. The adder bites you.
* * * LOW HITPOINT WARNING * * *
The adder bites you.
* * * LOW HITPOINT WARNING * * *
You are more poisoned.
The adder poisons you!
HP[-3] MP[-1]
You take 3 damage, and now have 2/17 hp.
You lost 1 mp, and now have 3/5 mp.
Casting: Sting (safe; 7% risk of failure)
Confirm with . or Enter, or press ? or * to list all spells.
Aiming: Sting (safe; 7% risk of failure)
Press: ? - help, Shift-Dir - straight line, f/p - adder
Aim: an adder (almost dead, constricted by you, very poisoned, 90% to hit)
The sting hits the adder.
The adder looks even sicker.
You kill the adder!
You die...

Skill      XL: |  1  2 |
---------------+-------+-----
Stealth        | 3 |  3.6
Poison Magic   | 4 |  4.2
Dodging        | |  2.0
Spellcasting   | |  2.0
Transmutations | |  1.0

Action                   || total
-------------------------++-------
Melee: Spear             ||    38
       Constrict         ||     6
       Unarmed           ||     2
       Tentacles         ||     5
 Cast: Sting             ||    16
 Stab: Sleeping          ||     4
Armor: Skin              ||     9
Dodge: Dodged            ||    21

Levels and vault maps discovered:
D:1:      dpeg_arrival_renting, layout_loops_ring
D:2:      layout_basic, serial_forest, infiniplex_forest_lined_corner,
          infiniplex_forest_clump_cross, infiniplex_forest_lined_room_2,
          infiniplex_forest_clump_curved, infiniplex_forest_join,
          infiniplex_forest_clump_long, infiniplex_forest_lined_3, basic_altar,
          serial_shops, nicolae_shop_crystal,
          shapermc_ecumenical_altar_mp_ritualfount

Notes
Turn   | Place    | Note
-------+----------+-------------------------------------------
     0 | D:1      | zeratav the Octopode Venom Mage began the quest for the
                  | Orb.
     0 | D:1      | Reached XP level 1. HP: 11/11 MP: 3/3
     0 | D:1      | magus.rc [v1.9.6]
   162 | D:1      | Reached skill level 3 in Stealth
   500 | D:1      | Reached XP level 2. HP: 17/17 MP: 5/5
   581 | D:1      | Reached skill level 4 in Poison Magic
  1467 | D:2      | HP: 4/17 [poisoned by an adder]
  1468 | D:2      | Succumbed to an adder's poison

Vanquished Creatures
  An adder (D:2)
  3 endoplasms
  2 hobgoblins (D:1)
  5 ball pythons (D:1)
  2 bats
  2 goblins (D:1)
  A kobold (D:1)
  2 rats (D:1)
18 creatures vanquished.

Vanquished Creatures (others)
  2 plants (D:2)
2 creatures vanquished.

Grand Total: 20 creatures vanquished

Table legend:
 A = Non-vault XP
 B = Vault XP
 C = Vault XP percentage of total XP
 D = Non-vault monster count
 E = Vault monster count
 F = Vault count percentage of total count
                 A         B        C        D         E       F
            +---------+---------+-------+---------+---------+-------
      Total |      38 |       0 |   0.0 |      18 |       0 |   0.0
            +---------+---------+-------+---------+---------+-------
        D:1 |      21 |       0 |   0.0 |      15 |       0 |   0.0
        D:2 |      17 |       0 |   0.0 |       3 |       0 |   0.0
            +---------+---------+-------+---------+---------+-------

Illustrated notes

Table legend:
 A = Kills in this place as a percentage of kills in entire the game.
 B = Kills by you in this place as a percentage of kills by you in the entire game.
 C = Kills by friends in this place as a percentage of kills by friends in the entire game.
 D = Other kills in this place as a percentage of other kills in the entire game.
 E = Experience gained in this place as a percentage of experience gained in the entire game.
 F = Experience gained in this place divided by the number of levels of this place that you have seen.
                   A       B       C       D       E      F
               +-------+-------+-------+-------+-------+----------------------
         Total | 100.0 | 100.0 |   N/A |   N/A | 100.0 |  19.0
       Dungeon | 100.0 | 100.0 |   N/A |   N/A | 100.0 |  19.0
               +-------+-------+-------+-------+-------+----------------------

Table legend: (Time is in decaauts)
 A = Elapsed time spent in this place.
 B = Non-inter-level travel time spent in this place.
 C = Inter-level travel time spent in this place.
 D = Time resting spent in this place.
 E = Time spent auto-exploring this place.
 F = Levels seen in this place.
 G = Mean time per level.
                   A        B        C        D        E       F      G
               +--------+--------+--------+--------+--------+-----+--------+
         Total |   1471 |   1433 |     38 |      0 |   1305 |   2 |  735.5 |
       Dungeon |   1471 |   1433 |     38 |      0 |   1305 |   2 |  735.5 |
               +--------+--------+--------+--------+--------+-----+--------+

Top non-repeatable levels by time:
     D:1: 1380 daAuts
     D:2: 90 daAuts
